[ PARTIDA AOE2 · #494219969 ]
UnrankedHunos vs Goths
[ ANÁLISIS DE REPETICIÓN · EXTRAÍDO DE LA PARTIDA GRABADA ]
Feudal
12:02
Castillos
27:41
Imperial
45:20
| APM promedio | 36.4 |
| APM pico | 85 |
| eAPM promedio | 20.5 |
| Aldeanos / militares | 238 / 360 |
Foco
⚔️ 33.7% · 🌾 66.3%
Knight ×217 · Cavalry Archer ×98 · Scout Cavalry ×45
Feudal
12:22
Castillos
32:52
Imperial
—
| APM promedio | 63.0 |
| APM pico | 196 |
| eAPM promedio | 32.2 |
| Aldeanos / militares | 208 / 48 |
Foco
⚔️ 41.8% · 🌾 58.2%
Archer ×37 · Militia ×9 · Spearman ×1 · Iron Pagoda ×1
Feudal
12:15
Castillos
28:01
Imperial
48:23
| APM promedio | 66.1 |
| APM pico | 114 |
| eAPM promedio | 35.2 |
| Aldeanos / militares | 96 / 328 |
Foco
⚔️ 28.5% · 🌾 71.5%
Spearman ×186 · Huskarl ×123 · Militia ×10 · Skirmisher ×9
Feudal
12:25
Castillos
25:35
Imperial
—
| APM promedio | 38.4 |
| APM pico | 77 |
| eAPM promedio | 16.0 |
| Aldeanos / militares | 121 / 102 |
Foco
⚔️ 37.4% · 🌾 62.6%
Genoese Crossbowman ×67 · Archer ×27 · Spearman ×8
Mapa de la partida
Recursos iniciales + cada clic de construcción. Líneas = muros · curvas = relieve. ◆ oro · ⬟ piedra · ● bayas · ✦ reliquia · ◌ hueco del cierre
Tu base· ✓ Cerrada en 27:41 · 59t muro · 1 puerta(s)
Base de LRNI_Bélico· Abierta — hueco de 11t
Base de Izuru Alexandros RÆ· Abierta — flanco sin cerrar
Base de Wimac· Abierta — flanco sin cerrar
Terreno inicial suavizado · ◌ = hueco del cierre detectado · pasá el cursor para detalles
Inputs por minuto
— LRNI_robotech - - LRNI_Bélico
Build order — LRNI_robotech
Primeras 150 de 513 acciones detectadas
| 0:05 | Construir | Town Center |
| 2:22 | Crear | Villager (Male) |
| 2:22 | Crear | Villager (Male) |
| 2:22 | Crear | Villager (Male) |
| 2:23 | Crear | Villager (Male) |
| 2:23 | Crear | Villager (Male) |
| 3:25 | Crear | Villager (Male) |
| 3:26 | Crear | Villager (Male) |
| 3:52 | Crear | Villager (Male) |
| 3:53 | Crear | Villager (Male) |
| 4:07 | Construir | Lumber Camp |
| 4:32 | Crear | Villager (Male) |
| 4:32 | Crear | Villager (Male) |
| 4:33 | Crear | Villager (Male) |
| 4:45 | Crear | Villager (Male) |
| 4:46 | Crear | Villager (Male) |
| 5:40 | Crear | Villager (Male) |
| 5:41 | Crear | Villager (Male) |
| 6:15 | Investigar | Loom |
| 6:20 | Crear | Villager (Male) |
| 6:27 | Crear | Villager (Male) |
| 6:27 | Crear | Villager (Male) |
| 6:51 | Crear | Villager (Male) |
| 6:52 | Crear | Villager (Male) |
| 6:52 | Crear | Villager (Male) |
| 6:52 | Crear | Villager (Male) |
| 7:43 | Crear | Villager (Male) |
| 7:44 | Crear | Villager (Male) |
| 7:44 | Crear | Villager (Male) |
| 8:14 | Crear | Villager (Male) |
| 8:14 | Crear | Villager (Male) |
| 8:24 | Construir | Mill |
| 9:40 | Investigar | Feudal Age |
| 10:09 | Construir | Barracks |
| 11:08 | Crear | Villager (Male) |
| 11:08 | Crear | Villager (Male) |
| 11:08 | Crear | Villager (Male) |
| 12:02 | Edad | Edad Feudal |
| 12:05 | Construir | Stable |
| 12:09 | Investigar | Double-Bit Axe |
| 12:11 | Crear | Villager (Male) |
| 12:12 | Crear | Villager (Male) |
| 12:49 | Crear | Scout Cavalry |
| 12:49 | Crear | Scout Cavalry |
| 12:50 | Crear | Scout Cavalry |
| 12:50 | Crear | Scout Cavalry |
| 12:57 | Crear | Villager (Male) |
| 12:58 | Crear | Villager (Male) |
| 13:09 | Construir | Stable |
| 13:34 | Crear | Villager (Male) |
| 13:34 | Crear | Villager (Male) |
| 13:51 | Crear | Scout Cavalry |
| 13:52 | Crear | Scout Cavalry |
| 13:58 | Construir | Palisade Wall |
| 14:00 | Crear | Villager (Male) |
| 14:00 | Crear | Villager (Male) |
| 14:14 | Construir | Blacksmith |
| 14:30 | Crear | Scout Cavalry ×2 |
| 14:31 | Crear | Scout Cavalry ×2 |
| 14:33 | Crear | Villager (Male) |
| 14:33 | Crear | Villager (Male) |
| 14:53 | Construir | Palisade Wall |
| 14:54 | Crear | Villager (Male) |
| 14:54 | Crear | Villager (Male) |
| 15:10 | Investigar | Forging |
| 15:11 | Crear | Villager (Male) |
| 15:22 | Construir | Farm |
| 15:23 | Construir | Farm |
| 15:24 | Construir | Farm |
| 15:29 | Construir | Palisade Wall |
| 15:32 | Crear | Scout Cavalry ×2 |
| 15:32 | Crear | Scout Cavalry ×2 |
| 16:01 | Crear | Scout Cavalry ×2 |
| 16:01 | Crear | Scout Cavalry ×2 |
| 16:16 | Crear | Villager (Male) |
| 16:21 | Construir | Palisade Wall |
| 16:26 | Crear | Villager (Male) |
| 16:27 | Crear | Villager (Male) |
| 16:29 | Construir | Farm |
| 16:29 | Construir | Farm |
| 16:37 | Crear | Villager (Male) |
| 16:38 | Crear | Villager (Male) |
| 16:38 | Crear | Villager (Male) |
| 16:56 | Investigar | Scale Barding Armor |
| 17:13 | Crear | Villager (Male) |
| 17:17 | Construir | Palisade Wall |
| 17:18 | Crear | Villager (Male) |
| 17:21 | Construir | Farm |
| 17:22 | Construir | Farm |
| 18:02 | Crear | Villager (Male) |
| 18:03 | Crear | Villager (Male) |
| 18:06 | Construir | Farm |
| 18:07 | Construir | Farm |
| 18:07 | Construir | Farm |
| 18:08 | Construir | Farm |
| 18:09 | Construir | Farm |
| 18:31 | Crear | Villager (Male) |
| 18:31 | Crear | Villager (Male) |
| 18:36 | Construir | Palisade Wall |
| 18:38 | Crear | Villager (Male) |
| 18:38 | Crear | Villager (Male) |
| 18:49 | Crear | Scout Cavalry ×5 |
| 18:50 | Crear | Scout Cavalry ×5 |
| 18:53 | Crear | Villager (Male) |
| 18:53 | Crear | Villager (Male) |
| 18:54 | Crear | Villager (Male) |
| 18:56 | Crear | Villager (Male) |
| 19:08 | Crear | Villager (Male) |
| 19:23 | Crear | Villager (Male) |
| 19:34 | Construir | Farm |
| 19:36 | Investigar | Horse Collar |
| 19:41 | Construir | Palisade Wall |
| 20:16 | Crear | Villager (Male) |
| 20:20 | Crear | Villager (Male) |
| 20:25 | Construir | Farm |
| 20:46 | Crear | Villager (Male) |
| 20:46 | Crear | Villager (Male) |
| 20:47 | Crear | Villager (Male) |
| 21:17 | Crear | Scout Cavalry ×5 |
| 21:18 | Crear | Scout Cavalry ×5 |
| 21:18 | Crear | Scout Cavalry |
| 21:30 | Crear | Villager (Male) |
| 21:39 | Crear | Villager (Male) |
| 21:42 | Construir | Farm |
| 21:43 | Construir | Farm |
| 21:43 | Construir | Farm |
| 21:44 | Construir | Farm |
| 21:48 | Construir | Lumber Camp |
| 21:49 | Crear | Villager (Male) |
| 21:55 | Crear | Scout Cavalry |
| 21:56 | Crear | Scout Cavalry |
| 21:58 | Crear | Villager (Male) |
| 22:07 | Construir | Palisade Wall |
| 22:08 | Crear | Villager (Male) |
| 22:08 | Crear | Villager (Male) |
| 22:18 | Investigar | Bloodlines |
| 22:19 | Crear | Scout Cavalry |
| 22:19 | Crear | Scout Cavalry |
| 22:32 | Crear | Villager (Male) |
| 22:32 | Crear | Villager (Male) |
| 22:41 | Construir | Farm |
| 22:42 | Construir | Farm |
| 22:45 | Construir | Farm |
| 22:46 | Crear | Villager (Male) |
| 22:47 | Crear | Villager (Male) |
| 23:15 | Crear | Scout Cavalry ×2 |
| 23:16 | Crear | Villager (Male) |
| 23:16 | Crear | Villager (Male) |
| 23:22 | Construir | Farm |
| 23:23 | Construir | Farm |
Build order — LRNI_Bélico
Primeras 150 de 460 acciones detectadas
| 0:40 | Construir | Town Center |
| 0:44 | Construir | House |
| 2:42 | Crear | Villager (Male) |
| 2:42 | Crear | Villager (Male) |
| 2:42 | Crear | Villager (Male) |
| 2:42 | Crear | Villager (Male) |
| 2:43 | Crear | Villager (Male) |
| 3:55 | Crear | Villager (Male) |
| 3:55 | Crear | Villager (Male) |
| 4:31 | Construir | House |
| 4:40 | Crear | Villager (Male) |
| 4:40 | Crear | Villager (Male) |
| 4:41 | Crear | Villager (Male) |
| 4:58 | Crear | Villager (Male) |
| 4:58 | Crear | Villager (Male) |
| 4:58 | Crear | Villager (Male) |
| 5:14 | Construir | Lumber Camp |
| 5:39 | Crear | Villager (Male) |
| 5:39 | Crear | Villager (Male) |
| 6:01 | Crear | Villager (Male) |
| 6:13 | Crear | Villager (Male) |
| 6:13 | Crear | Villager (Male) |
| 6:14 | Crear | Villager (Male) |
| 6:30 | Crear | Villager (Male) |
| 6:31 | Crear | Villager (Male) |
| 6:31 | Crear | Villager (Male) |
| 6:31 | Crear | Villager (Male) |
| 6:50 | Construir | House |
| 6:54 | Construir | House |
| 7:05 | Construir | House |
| 7:25 | Crear | Villager (Male) |
| 7:36 | Construir | House |
| 7:39 | Construir | House |
| 7:44 | Crear | Villager (Male) |
| 7:44 | Crear | Villager (Male) |
| 7:44 | Crear | Villager (Male) |
| 8:24 | Crear | Villager (Male) |
| 8:24 | Crear | Villager (Male) |
| 8:31 | Crear | Villager (Male) |
| 8:54 | Crear | Villager (Male) |
| 9:04 | Construir | Mill |
| 9:14 | Investigar | Loom |
| 10:03 | Investigar | Feudal Age |
| 10:03 | Investigar | Feudal Age |
| 10:37 | Construir | Barracks |
| 10:52 | Construir | Palisade Gate |
| 10:54 | Construir | Palisade Wall |
| 10:55 | Construir | Palisade Wall |
| 10:56 | Construir | Palisade Wall |
| 11:02 | Construir | House |
| 11:03 | Construir | Palisade Wall |
| 11:03 | Construir | Palisade Wall |
| 11:04 | Construir | Palisade Wall |
| 11:05 | Construir | Palisade Wall |
| 11:30 | Construir | Mining Camp |
| 12:22 | Edad | Edad Feudal |
| 12:30 | Construir | Archery Range |
| 12:37 | Investigar | Double-Bit Axe |
| 12:37 | Investigar | Double-Bit Axe |
| 12:38 | Crear | Villager (Male) |
| 12:39 | Crear | Villager (Male) |
| 12:39 | Crear | Villager (Male) |
| 12:53 | Crear | Spearman |
| 13:07 | Crear | Villager (Male) |
| 13:17 | Crear | Villager (Male) |
| 13:33 | Crear | Villager (Male) |
| 13:46 | Crear | Archer |
| 13:51 | Construir | Archery Range |
| 13:59 | Construir | Palisade Wall |
| 14:03 | Construir | Palisade Wall |
| 14:04 | Construir | Palisade Wall |
| 14:05 | Construir | Palisade Wall |
| 14:17 | Crear | Archer |
| 14:37 | Construir | Blacksmith |
| 14:41 | Crear | Archer |
| 14:47 | Crear | Archer |
| 14:58 | Crear | Archer |
| 15:10 | Crear | Archer |
| 15:13 | Crear | Villager (Male) |
| 15:13 | Crear | Villager (Male) |
| 15:19 | Construir | Watch Tower |
| 15:23 | Crear | Archer |
| 15:30 | Investigar | Fletching |
| 16:10 | Crear | Villager (Male) |
| 16:40 | Construir | House |
| 17:13 | Crear | Villager (Male) |
| 17:24 | Crear | Villager (Male) |
| 17:24 | Crear | Villager (Male) |
| 17:26 | Construir | House |
| 17:45 | Construir | House |
| 18:13 | Crear | Villager (Male) |
| 18:13 | Crear | Villager (Male) |
| 18:16 | Construir | Mining Camp |
| 18:36 | Construir | House |
| 18:37 | Construir | House |
| 18:45 | Construir | Palisade Gate |
| 18:46 | Construir | Palisade Wall |
| 18:53 | Crear | Archer |
| 18:53 | Crear | Archer |
| 18:54 | Crear | Archer |
| 19:04 | Construir | Farm |
| 19:04 | Construir | Farm |
| 19:05 | Construir | Farm |
| 19:08 | Construir | Farm |
| 19:18 | Crear | Villager (Male) |
| 19:18 | Crear | Villager (Male) |
| 19:20 | Crear | Archer |
| 19:20 | Crear | Archer |
| 19:40 | Crear | Villager (Male) |
| 20:09 | Crear | Archer |
| 20:09 | Crear | Archer |
| 20:09 | Crear | Archer |
| 20:12 | Construir | Farm |
| 20:19 | Construir | House |
| 20:37 | Crear | Archer |
| 20:37 | Crear | Archer |
| 20:39 | Crear | Villager (Male) |
| 20:56 | Construir | Watch Tower |
| 21:03 | Crear | Archer |
| 21:03 | Crear | Archer |
| 21:46 | Crear | Villager (Male) |
| 21:46 | Crear | Villager (Male) |
| 22:01 | Construir | Watch Tower |
| 22:03 | Construir | Market |
| 22:07 | Construir | House |
| 22:10 | Crear | Archer |
| 22:44 | Crear | Archer |
| 22:44 | Crear | Archer |
| 22:59 | Construir | House |
| 23:02 | Construir | House |
| 23:03 | Construir | Palisade Wall |
| 23:21 | Crear | Archer |
| 23:28 | Construir | House |
| 23:48 | Crear | Archer |
| 23:48 | Crear | Archer |
| 23:49 | Crear | Archer |
| 24:04 | Crear | Villager (Male) |
| 24:08 | Crear | Archer |
| 24:08 | Crear | Archer |
| 24:16 | Construir | Mill |
| 24:16 | Construir | Farm |
| 24:16 | Construir | Farm |
| 24:17 | Construir | Farm |
| 24:17 | Construir | Farm |
| 24:17 | Construir | Farm |
| 24:17 | Construir | Farm |
| 24:17 | Construir | Farm |
| 24:17 | Construir | Farm |
| 24:18 | Construir | Farm |
| 24:18 | Construir | Farm |
Build order — Izuru Alexandros RÆ
Primeras 150 de 394 acciones detectadas
| 0:21 | Construir | Town Center |
| 2:49 | Construir | House |
| 2:50 | Crear | Villager (Male) |
| 2:50 | Crear | Villager (Male) |
| 3:00 | Crear | Villager (Male) |
| 3:01 | Crear | Villager (Male) |
| 3:01 | Crear | Villager (Male) |
| 4:06 | Crear | Villager (Male) |
| 4:06 | Crear | Villager (Male) |
| 4:35 | Construir | Lumber Camp |
| 4:59 | Crear | Villager (Male) |
| 5:00 | Crear | Villager (Male) |
| 5:00 | Crear | Villager (Male) |
| 5:03 | Construir | House |
| 5:42 | Crear | Villager (Male) |
| 5:44 | Crear | Villager (Male) |
| 6:10 | Crear | Villager (Male) |
| 6:20 | Construir | Mill |
| 6:31 | Crear | Villager (Male) |
| 6:50 | Construir | House |
| 7:28 | Crear | Villager (Male) |
| 7:28 | Crear | Villager (Male) |
| 7:28 | Crear | Villager (Male) |
| 7:36 | Construir | House |
| 7:41 | Construir | House |
| 7:53 | Construir | House |
| 7:56 | Construir | House |
| 8:05 | Crear | Villager (Male) |
| 8:13 | Construir | House |
| 8:45 | Crear | Villager (Male) |
| 9:01 | Crear | Villager (Male) |
| 9:13 | Crear | Villager (Male) |
| 9:14 | Investigar | Loom |
| 10:05 | Investigar | Feudal Age |
| 10:28 | Construir | Barracks |
| 10:37 | Construir | House |
| 11:27 | Crear | Villager (Male) |
| 11:37 | Crear | Militia |
| 11:38 | Crear | Militia |
| 11:46 | Crear | Villager (Male) |
| 11:56 | Crear | Militia |
| 12:15 | Edad | Edad Feudal |
| 12:19 | Investigar | Man-at-Arms (upgrade) |
| 12:24 | Construir | House |
| 12:37 | Construir | House |
| 12:51 | Construir | House |
| 12:55 | Construir | House |
| 13:13 | Construir | Blacksmith |
| 13:16 | Construir | House |
| 13:21 | Crear | Villager (Male) |
| 13:22 | Crear | Villager (Male) |
| 13:29 | Construir | House |
| 13:47 | Crear | Militia |
| 14:01 | Construir | House |
| 14:08 | Investigar | Scale Mail Armor |
| 14:58 | Construir | House |
| 15:03 | Crear | Militia |
| 15:34 | Construir | House |
| 15:57 | Crear | Spearman |
| 15:57 | Crear | Spearman |
| 16:14 | Crear | Villager (Male) |
| 16:23 | Construir | House |
| 16:26 | Construir | Palisade Wall |
| 16:27 | Crear | Villager (Male) |
| 16:29 | Construir | Farm |
| 16:29 | Construir | Farm |
| 16:34 | Construir | Farm |
| 16:34 | Construir | Farm |
| 16:35 | Construir | Farm |
| 16:42 | Construir | Palisade Wall |
| 16:45 | Construir | Palisade Wall |
| 16:59 | Crear | Spearman |
| 17:00 | Crear | Spearman |
| 17:04 | Construir | Archery Range |
| 17:06 | Construir | House |
| 17:06 | Construir | House |
| 17:07 | Construir | House |
| 17:17 | Construir | House |
| 17:21 | Construir | House |
| 17:22 | Construir | House |
| 17:28 | Crear | Spearman |
| 17:42 | Crear | Skirmisher |
| 17:42 | Crear | Skirmisher |
| 17:44 | Construir | Farm |
| 18:00 | Crear | Skirmisher |
| 18:03 | Crear | Villager (Male) |
| 18:08 | Crear | Spearman |
| 18:13 | Crear | Skirmisher |
| 18:15 | Crear | Skirmisher |
| 18:30 | Crear | Skirmisher |
| 18:35 | Crear | Villager (Male) |
| 18:38 | Construir | Farm |
| 18:53 | Crear | Spearman |
| 18:56 | Construir | Farm |
| 18:57 | Construir | Farm |
| 18:58 | Construir | Farm |
| 18:59 | Crear | Villager (Male) |
| 19:08 | Construir | Farm |
| 19:09 | Crear | Villager (Male) |
| 19:19 | Construir | Farm |
| 19:42 | Crear | Spearman |
| 19:50 | Crear | Villager (Male) |
| 20:01 | Crear | Spearman |
| 20:06 | Crear | Villager (Male) |
| 20:08 | Crear | Spearman |
| 20:30 | Construir | Farm |
| 20:38 | Crear | Villager (Male) |
| 20:53 | Crear | Villager (Male) |
| 20:54 | Construir | Farm |
| 20:56 | Construir | Farm |
| 20:57 | Construir | Farm |
| 21:45 | Construir | Farm |
| 21:50 | Construir | Palisade Gate |
| 21:51 | Crear | Villager (Male) |
| 21:54 | Construir | Mill |
| 22:00 | Crear | Villager (Male) |
| 22:08 | Construir | Farm |
| 22:08 | Construir | Farm |
| 22:16 | Crear | Spearman |
| 22:35 | Crear | Villager (Male) |
| 22:45 | Construir | Farm |
| 22:46 | Crear | Villager (Male) |
| 22:55 | Construir | Farm |
| 23:15 | Construir | Mining Camp |
| 23:27 | Crear | Villager (Male) |
| 23:37 | Construir | Mining Camp |
| 24:01 | Crear | Spearman |
| 24:18 | Crear | Spearman |
| 24:18 | Crear | Spearman |
| 24:30 | Crear | Spearman |
| 24:35 | Construir | Palisade Gate |
| 24:38 | Construir | Palisade Gate |
| 24:47 | Construir | House |
| 24:48 | Construir | House |
| 24:51 | Construir | House |
| 25:21 | Investigar | Castle Age |
| 25:22 | Investigar | Castle Age |
| 25:31 | Construir | Palisade Gate |
| 25:37 | Construir | House |
| 25:38 | Construir | House |
| 26:12 | Crear | Skirmisher |
| 26:14 | Crear | Spearman |
| 26:15 | Crear | Spearman |
| 26:37 | Crear | Spearman |
| 26:39 | Construir | Farm |
| 26:39 | Construir | Farm |
| 26:40 | Crear | Villager (Male) |
| 26:45 | Crear | Skirmisher |
| 26:49 | Crear | Spearman |
| 27:18 | Investigar | Double-Bit Axe |
Build order — Wimac
Primeras 150 de 312 acciones detectadas
| 0:19 | Construir | Town Center |
| 2:17 | Construir | House |
| 2:36 | Crear | Villager (Male) |
| 2:36 | Crear | Villager (Male) |
| 2:41 | Crear | Villager (Male) |
| 2:49 | Crear | Villager (Male) |
| 4:13 | Construir | House |
| 4:38 | Crear | Villager (Male) |
| 4:39 | Crear | Villager (Male) |
| 4:59 | Crear | Villager (Male) |
| 5:09 | Crear | Villager (Male) |
| 5:12 | Construir | Lumber Camp |
| 5:36 | Crear | Villager (Male) |
| 5:51 | Crear | Villager (Male) |
| 5:56 | Construir | House |
| 6:28 | Crear | Villager (Male) |
| 6:48 | Crear | Villager (Male) |
| 7:00 | Construir | House |
| 7:06 | Crear | Villager (Male) |
| 8:01 | Crear | Villager (Male) |
| 8:26 | Crear | Villager (Male) |
| 9:07 | Construir | Mining Camp |
| 9:12 | Construir | Mining Camp |
| 9:25 | Crear | Villager (Male) |
| 9:32 | Crear | Villager (Male) |
| 10:06 | Investigar | Feudal Age |
| 10:06 | Investigar | Feudal Age |
| 10:50 | Construir | Barracks |
| 11:09 | Investigar | Loom |
| 12:09 | Construir | Lumber Camp |
| 12:25 | Edad | Edad Feudal |
| 12:27 | Construir | Archery Range |
| 12:32 | Construir | Archery Range |
| 12:36 | Crear | Villager (Male) |
| 12:36 | Crear | Villager (Male) |
| 12:49 | Construir | House |
| 12:53 | Construir | Palisade Wall |
| 12:55 | Construir | House |
| 13:04 | Construir | Palisade Wall |
| 13:12 | Construir | Palisade Gate |
| 13:14 | Construir | Palisade Wall |
| 13:18 | Construir | House |
| 13:24 | Crear | Villager (Male) |
| 13:31 | Crear | Villager (Male) |
| 13:37 | Crear | Archer |
| 13:37 | Crear | Archer |
| 13:55 | Investigar | Double-Bit Axe |
| 14:08 | Crear | Villager (Male) |
| 14:17 | Crear | Archer |
| 14:17 | Crear | Archer |
| 14:36 | Crear | Archer |
| 14:36 | Crear | Archer |
| 14:54 | Construir | Blacksmith |
| 15:09 | Crear | Archer |
| 15:09 | Crear | Archer |
| 16:09 | Crear | Archer |
| 16:09 | Crear | Archer |
| 16:10 | Crear | Spearman |
| 16:11 | Crear | Spearman |
| 16:18 | Crear | Villager (Male) |
| 16:19 | Crear | Villager (Male) |
| 16:33 | Crear | Villager (Male) |
| 16:44 | Crear | Spearman |
| 16:46 | Investigar | Town Watch |
| 17:01 | Crear | Archer |
| 17:01 | Crear | Archer |
| 17:05 | Construir | House |
| 17:07 | Construir | House |
| 17:19 | Investigar | Fletching |
| 18:22 | Crear | Villager (Male) |
| 18:29 | Crear | Archer |
| 18:29 | Crear | Archer |
| 18:29 | Crear | Archer |
| 18:30 | Crear | Archer |
| 18:42 | Construir | Mill |
| 18:44 | Crear | Villager (Male) |
| 18:48 | Crear | Archer |
| 18:48 | Crear | Archer |
| 18:56 | Crear | Villager (Male) |
| 19:01 | Crear | Spearman |
| 19:01 | Crear | Spearman |
| 19:08 | Construir | Farm |
| 19:13 | Construir | Farm |
| 19:31 | Crear | Archer |
| 19:31 | Crear | Archer |
| 19:34 | Crear | Spearman |
| 19:34 | Crear | Spearman |
| 20:09 | Crear | Spearman |
| 20:11 | Crear | Archer |
| 20:11 | Crear | Archer |
| 20:13 | Crear | Villager (Male) |
| 20:14 | Crear | Villager (Male) |
| 21:48 | Crear | Archer |
| 21:49 | Crear | Archer |
| 21:50 | Crear | Villager (Male) |
| 21:53 | Construir | Market |
| 22:01 | Crear | Archer |
| 22:02 | Crear | Archer |
| 22:02 | Crear | Archer |
| 22:40 | Crear | Villager (Male) |
| 22:55 | Investigar | Castle Age |
| 22:56 | Investigar | Castle Age |
| 23:07 | Construir | Mining Camp |
| 23:44 | Investigar | Padded Archer Armor |
| 24:16 | Investigar | Stone Mining |
| 24:20 | Investigar | Gold Mining |
| 25:35 | Edad | Edad de los Castillos |
| 26:07 | Construir | Castle |
| 26:17 | Investigar | Bodkin Arrow |
| 27:24 | Construir | Mining Camp |
| 27:25 | Crear | Villager (Male) |
| 27:26 | Crear | Villager (Male) |
| 27:26 | Crear | Villager (Male) |
| 27:35 | Crear | Genoese Crossbowman |
| 27:35 | Crear | Genoese Crossbowman |
| 28:28 | Crear | Genoese Crossbowman |
| 28:28 | Crear | Genoese Crossbowman |
| 28:28 | Crear | Genoese Crossbowman |
| 28:36 | Construir | House |
| 28:39 | Construir | House |
| 28:42 | Construir | Palisade Wall |
| 29:06 | Crear | Villager (Male) |
| 29:43 | Construir | House |
| 30:07 | Crear | Genoese Crossbowman |
| 30:07 | Crear | Genoese Crossbowman |
| 30:07 | Crear | Genoese Crossbowman |
| 30:08 | Crear | Genoese Crossbowman |
| 30:13 | Construir | House |
| 30:18 | Crear | Genoese Crossbowman |
| 30:18 | Crear | Genoese Crossbowman |
| 30:34 | Crear | Genoese Crossbowman |
| 30:34 | Crear | Genoese Crossbowman |
| 30:34 | Crear | Genoese Crossbowman |
| 30:42 | Crear | Genoese Crossbowman |
| 30:42 | Crear | Genoese Crossbowman |
| 30:44 | Crear | Villager (Male) |
| 31:15 | Crear | Genoese Crossbowman |
| 31:16 | Crear | Genoese Crossbowman |
| 31:16 | Crear | Genoese Crossbowman |
| 32:15 | Crear | Genoese Crossbowman |
| 32:15 | Crear | Genoese Crossbowman |
| 32:15 | Crear | Genoese Crossbowman |
| 33:09 | Construir | Castle |
| 33:24 | Construir | Castle |
| 35:13 | Crear | Genoese Crossbowman |
| 35:13 | Crear | Genoese Crossbowman |
| 35:21 | Crear | Genoese Crossbowman |
| 35:21 | Crear | Genoese Crossbowman |
| 35:21 | Crear | Genoese Crossbowman |
| 35:21 | Crear | Genoese Crossbowman |
Cronología de la partida
| 10:09 | LRNI_robotech · first_building Barracks |
| 10:28 | Izuru Alexandros RÆ · first_building Barracks |
| 10:37 | LRNI_Bélico · first_building Barracks |
| 10:50 | Wimac · first_building Barracks |
| 10:54 | LRNI_Bélico · wall_segment Palisade Wall x1 |
| 10:55 | LRNI_Bélico · wall_segment Palisade Wall x1 |
| 10:56 | LRNI_Bélico · wall_segment Palisade Wall x1 |
| 11:03 | LRNI_Bélico · wall_segment Palisade Wall x1 |
| 11:03 | LRNI_Bélico · wall_segment Palisade Wall x1 |
| 11:04 | LRNI_Bélico · wall_segment Palisade Wall x1 |
| 11:05 | LRNI_Bélico · wall_segment Palisade Wall x1 |
| 12:02 | LRNI_robotech · age_up feudal |
| 12:05 | LRNI_robotech · first_building Stable |
| 12:15 | Izuru Alexandros RÆ · age_up feudal |
| 12:22 | LRNI_Bélico · age_up feudal |
| 12:25 | Wimac · age_up feudal |
| 12:27 | Wimac · first_building Archery Range |
| 12:30 | LRNI_Bélico · first_building Archery Range |
| 12:53 | Wimac · wall_segment Palisade Wall x6 |
| 13:04 | Wimac · wall_segment Palisade Wall x1 |
| 13:14 | Wimac · wall_segment Palisade Wall x1 |
| 13:58 | LRNI_robotech · wall_segment Palisade Wall x3 |
| 13:59 | LRNI_Bélico · wall_segment Palisade Wall x1 |
| 14:03 | LRNI_Bélico · wall_segment Palisade Wall x1 |
| 14:04 | LRNI_Bélico · wall_segment Palisade Wall x1 |
| 14:05 | LRNI_Bélico · wall_segment Palisade Wall x1 |
| 14:53 | LRNI_robotech · wall_segment Palisade Wall x5 |
| 15:29 | LRNI_robotech · wall_segment Palisade Wall x7 |
| 16:21 | LRNI_robotech · wall_segment Palisade Wall x8 |
| 16:26 | Izuru Alexandros RÆ · wall_segment Palisade Wall x6 |
| 16:42 | Izuru Alexandros RÆ · wall_segment Palisade Wall x6 |
| 16:45 | Izuru Alexandros RÆ · wall_segment Palisade Wall x2 |
| 17:04 | Izuru Alexandros RÆ · first_building Archery Range |
| 17:17 | LRNI_robotech · wall_segment Palisade Wall x11 |
| 18:36 | LRNI_robotech · wall_segment Palisade Wall x6 |
| 18:46 | LRNI_Bélico · wall_segment Palisade Wall x1 |
| 19:41 | LRNI_robotech · wall_segment Palisade Wall x8 |
| 22:07 | LRNI_robotech · wall_segment Palisade Wall x6 |
| 22:46 | Wimac · first_market_buy 100 food |
| 22:50 | Wimac · first_market_sell 100 wood |
| 23:03 | LRNI_Bélico · wall_segment Palisade Wall x8 |
| 23:16 | LRNI_Bélico · first_market_sell 100 wood |
| 23:17 | LRNI_Bélico · first_market_buy 100 food |
| 25:01 | LRNI_robotech · wall_segment Palisade Wall x7 |
| 25:35 | Wimac · age_up castle |
| 26:07 | Wimac · first_building Castle |
| 27:41 | LRNI_robotech · age_up castle |
| 27:42 | LRNI_Bélico · wall_segment Stone Wall x11 |
| 28:01 | Izuru Alexandros RÆ · age_up castle |
| 28:05 | Izuru Alexandros RÆ · first_building Castle |
| 28:42 | Wimac · wall_segment Palisade Wall x1 |
| 31:00 | LRNI_Bélico · wall_segment Palisade Wall x1 |
| 32:07 | LRNI_robotech · tribute_sent a jugador 1 |
| 32:07 | LRNI_robotech · tribute_sent a jugador 2 |
| 32:07 | LRNI_robotech · tribute_sent a jugador 4 |
| 32:11 | LRNI_Bélico · wall_segment Palisade Wall x1 |
| 32:39 | Izuru Alexandros RÆ · first_market_buy 100 food |
| 32:52 | LRNI_Bélico · age_up castle |
| 38:03 | Izuru Alexandros RÆ · tribute_sent a jugador 1 |
| 38:03 | Izuru Alexandros RÆ · tribute_sent a jugador 3 |
| 38:03 | Izuru Alexandros RÆ · tribute_sent a jugador 4 |
| 39:56 | LRNI_robotech · first_building Castle |
| 40:18 | LRNI_robotech · wall_segment Palisade Wall x1 |
| 40:29 | LRNI_robotech · tribute_sent a jugador 1 |
| 40:29 | LRNI_robotech · tribute_sent a jugador 2 |
| 40:29 | LRNI_robotech · tribute_sent a jugador 4 |
| 45:20 | LRNI_robotech · age_up imperial |
| 46:08 | LRNI_robotech · first_market_sell 100 wood |
| 46:12 | Wimac · first_building Stable |
| 46:46 | LRNI_robotech · tribute_sent a jugador 1 |
| 46:46 | LRNI_robotech · tribute_sent a jugador 2 |
| 46:46 | LRNI_robotech · tribute_sent a jugador 4 |
| 48:21 | LRNI_Bélico · first_building Siege Workshop |
| 48:23 | Izuru Alexandros RÆ · age_up imperial |
| 49:59 | LRNI_robotech · wall_segment Palisade Wall x4 |
| 52:14 | Izuru Alexandros RÆ · tribute_sent a jugador 1 |
| 52:14 | Izuru Alexandros RÆ · tribute_sent a jugador 3 |
| 52:14 | Izuru Alexandros RÆ · tribute_sent a jugador 4 |
| 54:34 | LRNI_robotech · wall_segment Palisade Wall x1 |
| 54:44 | LRNI_Bélico · first_building Monastery |
| 55:02 | LRNI_robotech · first_building Archery Range |
| 57:25 | LRNI_Bélico · first_building Castle |
| 57:40 | LRNI_robotech · first_market_buy 100 wood |
| 59:50 | LRNI_robotech · resign |
[ ANÁLISIS IA · 1 CRÉDITO ]
¿Qué pasó realmente en esta partida?
Wolo.gg analiza cada decisión: build order, eco, micro, errores típicos por bracket. Análisis personalizado por WhatsApp o Discord en 30 segundos.
Guía civ
Hunos
Perfil
LRNI_robotech